AoeStats
← stone wall killer

Arena

510545743Analyzed
3v3 RM · 18h ago on Oct 1, 2026· 51m 33s· 6 players
Game mode
Random Map
Map size
Normal (6 player)
Population
200
Speed
Normal
Resources
Standard
Victory
Conquest
Starting age
Dark Age
Ending age
Imperial Age
RankedLock teamsTeams togetherTeam positionsShared explorationLock speedFull tech treeHidden civsTurbo modeCheats
Victory
Defeat
🇨🇳 Danes · China
811
+15
🇨🇳 Saracens · China
601
+23
🇷🇺 Saxons · Russia
562
+26
🇹🇷 Britons · Türkiye
833
-23
🇩🇪 Burgundians · Germany
821
-23
🇹🇷 Japanese · Türkiye
697
-18
stone wall builder
11:21 Feudal Age
14:59 Castle Age
12:48 Double-Bit Axe
13:03 Horse Collar
16:00 Bow Saw
15:51 Heavy Plow
16:27 Wheelbarrow
22:09 Stone Mining
22:13 Gold Mining
24:22 Hand Cart
28:39 Imperial Age
26:03 Loom
26:03 Town Watch
26:30 Forging
28:00 Town Patrol
29:45 Conscription
28:46 Elite Mameluke
29:37 Bimaristan
30:07 Iron Casting
29:32 Scale Mail Armor
29:37 Scale Barding Armor
29:23 Fletching
29:33 Padded Archer Armor
30:41 Gold Shaft Mining
30:19 Caravan
31:30 Hoardings
31:40 Coinage
33:01 Banking
32:52 Bloodlines
32:42 Husbandry
32:03 Light Cavalry
33:51 Chemistry
33:12 Ballistics
34:39 Chain Barding Armor
35:21 Blast Furnace
34:36 Chain Mail Armor
34:17 Bodkin Arrow
34:39 Leather Archer Armor
33:47 Hussar
36:09 Fortified Wall
36:10 Masonry
36:05 Siege Engineers
38:47 Plate Barding Armor
38:45 Plate Mail Armor
44:36 Bracer
45:06 Ring Archer Armor
51:34 Two-Man Saw
stone wall killer
10:09 Feudal Age
13:43 Castle Age
12:10 Double-Bit Axe
12:33 Horse Collar
14:33 Bow Saw
15:43 Loom
16:14 Heavy Plow
21:56 Sanctity
25:15 Wheelbarrow
26:45 Hand Cart
27:24 Redemption
30:13 Imperial Age
28:16 Treadmill Crane
28:33 Stone Mining
28:34 Gold Mining
29:44 Redemption
29:49 Masonry
31:59 Crop Rotation
32:30 Two-Man Saw
31:41 Guilds
32:38 Gold Shaft Mining
33:02 Illumination
33:17 Conscription
33:22 Elite Hearth Troop
34:03 Scale Mail Armor
34:13 Forging
35:58 Chain Mail Armor
36:18 Iron Casting
36:00 Siege Engineers
35:25 Clerical Recruitment
35:29 Shield Wall
36:33 Squires
36:18 Arson
36:58 Block Printing
37:52 Hoardings
37:08 Clerical Recruitment
39:51 Plate Mail Armor
39:13 Fletching
39:40 Padded Archer Armor
40:43 Chemistry
40:04 Ballistics
41:05 Architecture
42:32 Theocracy
42:15 Bodkin Arrow
42:20 Gambesons
43:09 Bracer
44:00 Leather Archer Armor
43:47 Caravan
44:21 Coinage
43:28 Onager
43:44 Capped Ram
45:30 Ring Archer Armor
45:05 Scale Barding Armor
45:16 Siege Ram
45:33 Heavy Scorpion
47:24 Chain Barding Armor
47:03 Herbal Medicine
46:54 Sappers
49:41 Murder Holes
49:57 Fortified Wall
49:34 Arrowslits
49:39 Guard Tower
52:15 Keep
stone wall elite
10:33 Feudal Age
12:00 Double-Bit Axe
14:30 Castle Age
12:54 Horse Collar
15:40 Bow Saw
16:19 Wheelbarrow
21:33 Gold Mining
23:03 Gold Shaft Mining
24:22 Hand Cart
24:31 Town Watch
24:31 Loom
28:24 Imperial Age
26:15 Forging
26:06 Scale Mail Armor
26:22 Fletching
27:33 Iron Casting
26:21 Man-at-Arms
26:46 Gambesons
27:02 Squires
26:47 Arson
27:36 Heavy Plow
27:53 Chain Mail Armor
27:14 Long Swordsman
28:19 Fletching
28:33 Capped Ram
29:40 Conscription
28:42 Hamask
31:29 Blast Furnace
30:59 Plate Mail Armor
30:49 Two-Handed Swordsman
31:06 Siege Ram
32:09 Caravan
32:09 Champion
33:57 Coinage
33:55 Ballistics
34:36 Chemistry
33:37 Bodkin Arrow
36:12 Bracer
35:35 Heavy Scorpion
41:43 Siege Engineers
41:33 Murder Holes
41:24 Arrowslits
41:31 Guard Tower
43:52 Scale Barding Armor
43:47 Padded Archer Armor
43:32 Onager
43:35 Northmen's Fury
45:39 Siege Onager
47:04 Hoardings
47:13 Keep
46:49 Masonry
47:14 Chain Barding Armor
47:09 Leather Archer Armor
halil_guvenc
0:31 Loom
7:05 Wheelbarrow
13:01 Feudal Age
11:52 Double-Bit Axe
12:07 Loom
14:29 Bow Saw
18:13 Forging
23:11 Castle Age
21:41 Stone Mining
23:46 Stone Shaft Mining
28:42 Husbandry
35:17 Imperial Age
37:34 Chemistry
37:28 Fletching
38:14 Iron Casting
39:21 Scale Barding Armor
icerali
11:28 Feudal Age
11:57 Loom
12:17 Horse Collar
16:10 Double-Bit Axe
17:13 Wheelbarrow
16:50 Stone Mining
17:59 Gold Mining
22:07 Bloodlines
25:54 Castle Age
27:00 Hand Cart
28:09 Bow Saw
28:05 Light Cavalry
28:49 Husbandry
28:17 Man-at-Arms
29:19 Heavy Plow
35:44 Caravan
41:12 Imperial Age
41:24 Cavalier
BOZO
3:55 Loom
9:58 Feudal Age
10:28 Double-Bit Axe
19:20 Castle Age
18:01 Horse Collar
19:49 Wheelbarrow
20:27 Town Watch
20:47 Stone Mining
20:49 Gold Mining
23:17 Fletching
31:12 Imperial Age
29:19 Padded Archer Armor
29:14 Bodkin Arrow
29:09 Treadmill Crane
29:50 Ballistics
30:52 Hand Cart
31:53 Town Patrol
31:40 Elite Skirmisher
33:06 Conscription
33:58 Gold Shaft Mining
35:06 Crossbowman
37:31 Leather Archer Armor
Connection lost

Rejoining the realm…

Still unreachable

The connection could not be restored.

Session expired

The server has moved on; the page needs a fresh start.